 Dungeon Crawl Stone Soup version 0.29.0-15-g675c0067aa (webtiles) character file.

Game seed: 11914428420932025247

5 RascalDebosk the Chopper (level 1, 0/30 HPs)
             Began as a Minotaur Berserker on Sept 11, 2022.
             Was a Follower of Trog.
             Succumbed to a goblin's poison
             ... on level 1 of the Dungeon.
             The game lasted 00:01:13 (87 turns).

RascalDebosk the Chopper (Minotaur Berserker)         Turns: 87, Time: 00:01:13

Health: 0/30       AC:  2    Str: 21    XL:     1   Next: 66%
Magic:  0/0        EV: 12    Int:  4    God:    Trog [*.....]
Gold:   14         SH:  0    Dex:  9    Spells: 0/0 levels left

rFire   . . .      SeeInvis .   a - +0 hand axe
rCold   . . .      Faith    .   (no shield)
rNeg    . . .      Spirit   .   b - +0 animal skin
rPois   .          Reflect  .   (helmet restricted)
rElec   .          Harm     .   (no cloak)
rCorr   .          Rampage  .   (no gloves)
Will    .....                   (no boots)
Stlth   ..........              (no amulet)
HPRegen 0.10/turn               (no ring)
MPRegen 0.07/turn               (no ring)

@: berserking, lethally poisoned (0 -> -4), very quick
A: horns 2, retaliatory headbutt
a: Renounce Religion, Berserk


You were on level 1 of the Dungeon.
You worshipped Trog.
Trog was aware of your devotion.
You visited 1 branch of the dungeon, and saw 1 of its levels.

You collected 14 gold pieces.

Inventory:

Hand Weapons
 a - a +0 hand axe (weapon)
Armour
 b - a +0 animal skin (worn)


   Skills:
 + Level 3.7 Fighting
 + Level 3.7 Axes
 + Level 0.3 Throwing
 + Level 2.5 Armour
 - Level 2.1 Dodging
 + Level 0.2 Evocations


You couldn't memorise any spells.
You didn't know any spells.
Your spell library was empty.

Dungeon Overview and Level Annotations

Branches:
Dungeon (1/15)

Altars:


Innate Abilities, Weirdness & Mutations

You have a pair of horns on your head.
You reflexively headbutt those who attack you in melee.


Message History

Found a stone staircase leading down.
An endoplasm comes into view.
The endoplasm quivers.
A hobgoblin comes into view.
The hobgoblin shouts!
A goblin comes into view. It is wielding a +1 dagger of venom.
You see here 5 gold pieces.
You now have 5 gold pieces.
The goblin shouts!
You see here 9 gold pieces.
You now have 14 gold pieces (gained 9).
The endoplasm freezes you.
You are frozen.
You hit the endoplasm. You headbutt the endoplasm.
The endoplasm is almost dead.
The endoplasm freezes you.
You are frozen.
You hit the endoplasm.
You kill the endoplasm!
Trog accepts your kill. The hobgoblin hits you.
You barely miss the hobgoblin. Your headbutt misses the hobgoblin.
You hit the goblin but do no damage.
The goblin hits you with a +1 dagger of venom.
You are poisoned.
The hobgoblin hits you.
You closely miss the hobgoblin. You closely miss the goblin.
* * * LOW HITPOINT WARNING * * *
You feel sick. The goblin completely misses you. The hobgoblin hits you.
* * * LOW HITPOINT WARNING * * *
Okay, then.
A red film seems to cover your vision as you go berserk!
You feel yourself moving faster!
You feel mighty!
* * * LOW HITPOINT WARNING * * *
You feel sick. The goblin closely misses you. The hobgoblin closely misses you.
You hit the hobgoblin.
You kill the hobgoblin!
Trog accepts your kill.
You barely miss the goblin.
You die...

# .
#.........##
..#.
#.....†..###
...#
#.#'####)..#
.##..##.#.#
###†#
......#.#.#
#.##
........#.#
#..####
...g......#
##....#
.g....##†g#
#:##'##
..>.. #@.###
#.#...# ....
#....#
#.+.<.# ...
##+#+#
###...# ..
##+## .


You could see a goblin.

Vanquished Creatures
  An endoplasm (D:1)
  A hobgoblin (D:1)
  2 jackals (D:1)
  A ball python (D:1)
  A kobold (D:1)
6 creatures vanquished.

Notes
Turn   | Place    | Note
-------+----------+-------------------------------------------
     0 | D:1      | RascalDebosk the Minotaur Berserker began the quest for the
                  | Orb.
     0 | D:1      | Reached XP level 1. HP: 19/19 MP: 0/0
    85 | D:1      | HP: 1/20 [hobgoblin (5)]
    87 | D:1      | Succumbed to a goblin's poison

Illustrated notes

Levels and vault maps discovered:
D:1:      dpeg_arrival_tiny_g, layout_basic,
          shapermc_ecumenical_altar_acropolis, serial_shops, shop, st_stairs_5,
          minmay_misc_feat_tiny, minmay_shallow_snake_nest

Action                   || total
-------------------------++-------
Melee: Hand axe          ||    10
       Headbutt          ||     2
Invok: Berserk           ||     1
Armor: Animal skin       ||     1
Dodge: Dodged            ||    10
